 Dungeon Crawl Stone Soup version 0.29.0-4-gdea44cf6ec (webtiles) character file.

Game seed: 16838769061912612586

835 qw the Cleaver (level 7, -10/41 HPs)
             Began as a Tengu Warper on Aug 28, 2022.
             Engulfed by a steam dragon's steam (11 damage)
             ... on level 5 of the Dungeon.
             The game lasted 00:00:30 (4632 turns).

qw the Cleaver (Tengu Warper)                       Turns: 4632, Time: 00:00:30

Health: -10/41     AC: 10    Str: 19    XL:     7   Next: 99%
Magic:  11/11      EV:  9    Int: 13    God:
Gold:   88         SH:  5    Dex: 14    Spells: 10/10 levels left

rFire   . . .      SeeInvis .   Y - +1 war axe
rCold   . . .      Faith    .   (no shield)
rNeg    . . .      Spirit   .   p - +0 chain mail
rPois   .          Reflect  +   (helmet restricted)
rElec   .          Harm     .   i - +0 cloak
rCorr   .          Rampage  .   (no gloves)
Will    .....                   (boots unavailable)
Stlth   ..........              l - amulet of reflection
HPRegen 0.13/turn               c - +6 ring of strength
MPRegen 0.12/turn               (no ring)

@: about to teleport, flying quickly and evasively, quick
A: beak, talons 3, nimble flight
a: no special abilities


You were on level 5 of the Dungeon.
You visited 2 branches of the dungeon, and saw 6 of its levels.

You collected 243 gold pieces.
You spent 155 gold pieces at shops.


Innate Abilities, Weirdness & Mutations

You have a beak for a mouth.
You have claws for feet.
Your magical nature lets you fly swiftly and evasively.


   Skills:
 - Level 3.1 Fighting
 + Level 8.7 Axes
 - Level 1.0 Throwing
 - Level 3.4 Armour
 - Level 2.1 Dodging
 - Level 2.0 Spellcasting
 - Level 2.4 Translocations


You had 10 spell levels left.
You didn't know any spells.
Your spell library contained the following spells:

 Spells                   Type           Power      Damage    Failure   Level
 Blink                    Tloc           14%        N/A       86%         2
 Gell's Gravitas          Tloc           7%         N/A       97%         3
 Lesser Beckoning         Tloc           7%         N/A       97%         3
 Teleport Other           Tloc           7%         N/A       97%         3
 Manifold Assault         Tloc           7%         N/A       100%        5

Inventory:

Hand Weapons
 m - a +0 flail
 Y - a +1 war axe (weapon)
Armour
 i - a +0 cloak (worn)
 p - a +0 chain mail (worn)
Jewellery
 c - a +6 ring of strength (left hand)
 l - an amulet of reflection (around neck)
 q - a ring of fire
Scrolls
 a - 3 scrolls of identify
 b - a scroll of teleportation
 j - a scroll of summoning {unknown}
Potions
 e - a potion of cancellation
 f - 2 potions of resistance
 g - 7 potions of curing
 h - a potion of mutation
 k - a potion of haste {unknown}
 n - 2 potions of heal wounds

Dungeon Overview and Level Annotations

Branches:
Dungeon (5/15)             Temple (1/1) D:5

Altars:
Cheibriados
Dithmenos
Fedhas
Gozag
Kikubaaqudgha
Makhleb
Nemelex Xobeh
Qazlal
Ru
Sif Muna
Trog
Uskayaw
Vehumet
Yredelemnul
Zin

Shops:
D:3 ?=:**   D:4 [


Message History

You kill the orc wizard!
You start resting.
HP restored.
Found a robe.
Found a stone staircase leading down.
a - 2 scrolls of identify (gained 1)
Found a stone staircase leading up.
Enter note:
Enter note:
Enter note:
Enter note:
Enter note:
Found a stone staircase leading down.
Enter note:
Found a war axe.
a - 3 scrolls of identify (gained 1)
A steam dragon comes into view.
The steam dragon hisses angrily.
The steam dragon breathes steam at you. The ball of steam hits you!!
Ouch! That really hurt!
The steam dragon moves out of view.
4623 ||| Stepping ~*~*~tactically~*~*~ (cloud).
You start resting.
A steam dragon is nearby!
You slash the steam dragon!
You peck the steam dragon, but do no damage.
The steam dragon is moderately wounded.
The steam dragon breathes steam at you. The ball of steam hits you.
You slash the steam dragon! You claw the steam dragon.
Your peck misses the steam dragon.
The steam dragon is almost dead.
You are engulfed in a cloud of scalding steam.
The steam dragon closely misses you. The steam dragon claws you.
4632 ||| READING 2 scrolls of teleportation.
As you read the scroll of teleportation, it crumbles to dust.
You feel strangely unstable.
You are engulfed in a cloud of scalding steam.
You die...

#......# #.....#
#.....# #.#...###
##.....# #.......#
.#.....# ##<......#
.#.....# #......¤.#
...### #.....¤.¤#
.).<.# #.....¤.¤#
#........#.####¤¤##
######...#. ##@#
.... #..¤D#
.#.#..¤...
.#........
......>..).
##..........
##..........
##...##...##


You could see a steam dragon (catching breath).

Vanquished Creatures
  An ice beast (D:5)
  A black bear (D:5)
  An ogre (D:4)
  2 centaurs (D:5)
  A scorpion (D:4)
  A necrophage (D:4)
  A hound (D:5)
  2 iguanas
  2 orc wizards
  5 adders
  An ufetubus (D:4)
  2 worms (D:4)
  4 dart slugs
  8 orcs
  8 ball pythons
  9 endoplasms
  5 goblins
  12 hobgoblins
  3 jackals (D:3)
  13 bats
  3 frilled lizards (D:1)
  10 kobolds
  5 rats
100 creatures vanquished.

Vanquished Creatures (others)
  4 plants (D:1)
4 creatures vanquished.

Grand Total: 104 creatures vanquished

Notes
Turn   | Place    | Note
-------+----------+-------------------------------------------
     0 | D:1      | qw the Tengu Warper began the quest for the Orb.
     0 | D:1      | Reached XP level 1. HP: 12/12 MP: 4/4
     0 | D:1      | 0 ||| qw: Version: 0.1-a-89-g26bdef1
     0 | D:1      | 0 ||| qw: Game counter: 2786
     0 | D:1      | 0 ||| qw: Always use a shield: true
     0 | D:1      | 0 ||| qw: God list: Okawaru
     0 | D:1      | 0 ||| qw: Allow faded altars: false
     0 | D:1      | 0 ||| qw: Do Orc after D:15 true
     0 | D:1      | 0 ||| qw: Do second Lair branch before Depths: true
     0 | D:1      | 0 ||| qw: Lair rune preference: random
     0 | D:1      | 0 ||| qw: Plans: Normal
     0 | D:1      | 0 ||| PLANNING D:1-11
    18 | D:1      | 18 ||| Stepping ~*~*~tactically~*~*~ (stealth).
    81 | D:1      | Reached XP level 2. HP: 17/17 MP: 6/6
    90 | D:1      | 90 ||| DROPPING +0 club.
   102 | D:1      | 102 ||| Stepping ~*~*~tactically~*~*~ (stealth).
   104 | D:1      | 104 ||| Stepping ~*~*~tactically~*~*~ (stealth).
   108 | D:1      | Reached skill level 3 in Axes
   116 | D:1      | 116 ||| Stepping ~*~*~tactically~*~*~ (hiding).
   126 | D:1      | 126 ||| Stepping ~*~*~tactically~*~*~ (hiding).
   502 | D:1      | Reached XP level 3. HP: 17/21 MP: 7/7
   518 | D:1      | 518 ||| Stepping ~*~*~tactically~*~*~ (stealth).
   520 | D:1      | 520 ||| Stepping ~*~*~tactically~*~*~ (stealth).
   521 | D:1      | 521 ||| Stepping ~*~*~tactically~*~*~ (stealth).
   625 | D:1      | Reached skill level 4 in Axes
  1174 | D:1      | Found a faded altar of an unknown god.
  1178 | D:1      | 1178 ||| UPGRADING to +0 scale mail.
  1188 | D:1      | 1188 ||| DROPPING +0 leather armour.
  1189 | D:1      | 1189 ||| READING 4 scrolls labelled ELUCUI CITOOC.
  1190 | D:1      | 1190 ||| READING scroll labelled CASUOMALEO.
  1191 | D:1      | 1191 ||| DRINKING 4 golden potions.
  1192 | D:1      | 1192 ||| READING 3 scrolls of identify.
  1192 | D:1      | 1192 ||| IDENTIFYING murky inky potion
  1193 | D:1      | 1193 ||| DROPPING scroll of blinking.
  1233 | D:2      | Found a hide-covered altar of Uskayaw.
  1738 | D:2      | 1738 ||| UPGRADING to +0 cloak.
  1743 | D:2      | 1743 ||| READING scroll labelled PUBURA LUFIH.
  1744 | D:2      | 1744 ||| READING scroll labelled FOCHYTW EF WOL.
  1747 | D:2      | 1747 ||| READING 2 scrolls of identify.
  1747 | D:2      | 1747 ||| IDENTIFYING fizzy pink potion
  1771 | D:3      | Reached XP level 4. HP: 26/26 MP: 8/8
  1772 | D:3      | 1772 ||| Stepping ~*~*~tactically~*~*~ (stealth).
  1773 | D:3      | 1773 ||| Stepping ~*~*~tactically~*~*~ (stealth).
  1937 | D:3      | Found Otor's Assorted Antiques.
  1950 | D:3      | Found Cuuc's Book Boutique.
  1952 | D:3      | 1952 ||| SHOPLISTING blackened marble ring (165 gold, have
                  | 154).
  1952 | D:3      | 1952 ||| SHOPLISTING glowing ring mail (231 gold, have
                  | 154).
  1952 | D:3      | 1952 ||| SHOPLISTING potion of cancellation (264 gold, have
                  | 154).
  1952 | D:3      | 1952 ||| BUYING potion of curing (99 gold).
  1952 | D:3      | Bought a potion of curing for 99 gold pieces
  1952 | D:3      | 1952 ||| SHOPLISTING runed gilded ring (165 gold, have 55).
  1952 | D:3      | 1952 ||| SHOPLISTING scroll of identify (66 gold, have 55).
  1954 | D:3      | Found Ycoy's Jewellery Emporium.
  1979 | D:3      | 1979 ||| SHOPLISTING +4 ring of protection (468 gold, have
                  | 64).
  1979 | D:3      | 1979 ||| SHOPLISTING amulet "Oduuch" {Reflect rF+ Int+3
                  | Dex+2 SH+5} (708 gold, have 64).
  1979 | D:3      | 1979 ||| SHOPLISTING ring of Wyha {rC- rCorr Str+2 Stlth+}
                  | (351 gold, have 64).
  1979 | D:3      | 1979 ||| SHOPLISTING ring of positive energy (260 gold,
                  | have 64).
  1979 | D:3      | 1979 ||| SHOPLISTING ring of resist corrosion (260 gold,
                  | have 64).
  2026 | D:3      | Found Nauxzoitergh's Assorted Antiques.
  2034 | D:3      | 2034 ||| BUYING fizzy silvery potion (18 gold).
  2034 | D:3      | Bought a fizzy silvery potion for 18 gold pieces
  2034 | D:3      | 2034 ||| BUYING metallic sapphire potion (18 gold).
  2034 | D:3      | Bought a metallic sapphire potion for 18 gold pieces
  2034 | D:3      | 2034 ||| SHOPLISTING potion of curing (63 gold, have 28).
  2034 | D:3      | 2034 ||| SHOPLISTING runed buckler (157 gold, have 28).
  2034 | D:3      | 2034 ||| SHOPLISTING scroll of identify (42 gold, have 28).
  2118 | D:3      | 2118 ||| SWAPPING to +0 war axe.
  2127 | D:3      | 2127 ||| DROPPING +0 hand axe.
  2145 | D:3      | Found Maitimab's Magic Scroll Shoppe.
  2160 | D:3      | Reached skill level 5 in Axes
  2191 | D:3      | 2191 ||| SHOPLISTING scroll of enchant armour (75 gold,
                  | have 28).
  2191 | D:3      | 2191 ||| BUYING scroll of identify (20 gold).
  2191 | D:3      | Bought a scroll of identify for 20 gold pieces
  2191 | D:3      | 2191 ||| SHOPLISTING scroll of identify (20 gold, have 8).
  2191 | D:3      | 2191 ||| SHOPLISTING scroll of teleportation (30 gold, have
                  | 8).
  2381 | D:3      | 2381 ||| UPGRADING to +0 chain mail.
  2391 | D:3      | 2391 ||| DROPPING +0 scale mail.
  2392 | D:3      | 2392 ||| UPGRADING to amulet of reflection.
  2397 | D:3      | 2397 ||| READING scroll labelled IMIRHORCH OVICY.
  2398 | D:3      | 2398 ||| READING scroll labelled CUTYOCULOG.
  2399 | D:3      | 2399 ||| DRINKING 2 fizzy silvery potions.
  2400 | D:3      | 2400 ||| READING 4 scrolls of identify.
  2400 | D:3      | 2400 ||| IDENTIFYING puce potion
  2401 | D:3      | 2401 ||| READING 3 scrolls of identify.
  2401 | D:3      | 2401 ||| IDENTIFYING metallic sapphire potion
  2402 | D:3      | 2402 ||| DROPPING potion of attraction.
  2403 | D:3      | 2403 ||| DROPPING potion of flight.
  2436 | D:4      | Noticed an ogre
  2443 | D:4      | Killed an ogre
  2444 | D:4      | Reached skill level 3 in Armour
  2444 | D:4      | Gained mutation: Your magical nature lets you fly swiftly
                  | and evasively. [Tengu growth]
  2444 | D:4      | Reached XP level 5. HP: 30/30 MP: 9/9
  2808 | D:4      | Reached skill level 6 in Axes
  2808 | D:4      | Reached XP level 6. HP: 35/35 MP: 10/10
  2815 | D:4      | Found a burning altar of Makhleb.
  2815 | D:4      | Noticed a balrug
  2839 | D:4      | 2839 ||| Stepping ~*~*~tactically~*~*~ (stealth).
  2840 | D:4      | Found Nuant's Armour Emporium.
  2879 | D:4      | 2879 ||| SHOPLISTING +0 pair of gloves (63 gold, have 17).
  2879 | D:4      | 2879 ||| SHOPLISTING +1 chain mail of fire resistance (231
                  | gold, have 17).
  2879 | D:4      | 2879 ||| SHOPLISTING +2 crystal plate armour (1288 gold,
                  | have 17).
  2884 | D:4      | 2884 ||| Stepping ~*~*~tactically~*~*~ (stealth).
  3170 | D:4      | 3170 ||| Stepping ~*~*~tactically~*~*~ (stealth).
  3420 | D:4      | 3420 ||| Stepping ~*~*~tactically~*~*~ (stealth).
  3692 | D:4      | 3692 ||| READING scroll labelled KAHOMM BACRUM.
  3693 | D:4      | 3693 ||| READING scroll labelled BOLIRI HORIWURCH.
  3694 | D:4      | 3694 ||| READING 3 scrolls of identify.
  3694 | D:4      | 3694 ||| IDENTIFYING fizzy emerald potion
  3695 | D:4      | 3695 ||| READING 2 scrolls of identify.
  3695 | D:4      | 3695 ||| IDENTIFYING fizzy inky potion
  3696 | D:4      | 3696 ||| DROPPING potion of lignification.
  3740 | D:5      | Entered Level 5 of the Dungeon
  3764 | D:5      | Reached skill level 7 in Axes
  3846 | D:5      | Noticed a black bear
  3851 | D:5      | Reached XP level 7. HP: 23/40 MP: 11/11
  3854 | D:5      | Reached skill level 3 in Fighting
  3862 | D:5      | Found a staircase to the Ecumenical Temple.
  3863 | D:5      | 3863 ||| PLANNING TEMPLE
  4091 | D:5      | 4091 ||| UPGRADING to +6 ring of strength.
  4101 | Temple   | Entered the Ecumenical Temple
  4345 | Temple   | 4345 ||| PLANNING D:1-11
  4403 | D:5      | Reached skill level 8 in Axes
  4519 | D:5      | 4519 ||| Stepping ~*~*~tactically~*~*~ (hiding).
  4525 | D:5      | 4525 ||| Stepping ~*~*~tactically~*~*~ (hiding).
  4526 | D:5      | 4526 ||| Stepping ~*~*~tactically~*~*~ (hiding).
  4545 | D:5      | 4545 ||| DROPPING +0 whip.
  4558 | D:5      | 4558 ||| Stepping ~*~*~tactically~*~*~ (hiding).
  4559 | D:5      | 4559 ||| Stepping ~*~*~tactically~*~*~ (hiding).
  4560 | D:5      | 4560 ||| Stepping ~*~*~tactically~*~*~ (hiding).
  4622 | D:5      | Noticed a steam dragon
  4623 | D:5      | 4623 ||| Stepping ~*~*~tactically~*~*~ (cloud).
  4631 | D:5      | HP: 5/41 [steam dragon] (8)]
  4631 | D:5      | HP: 1/41 [steam dragon (4)]
  4632 | D:5      | 4632 ||| READING 2 scrolls of teleportation.
  4632 | D:5      | Engulfed by a steam dragon's steam

Levels and vault maps discovered:
D:1:      minmay_arrival_four_houses, layout_basic,
          shapermc_ecumenical_altar_hornbeckon, serial_bayou_lagoon_a,
          minmay_octomino_c4
D:2:      kennysheep_big_flooded_room, layout_rooms, basic_altar,
          minmay_misc_feat_doors
D:3:      layout_basic, serial_shops, nicolae_shop_crystal, shop, shop, shop,
          shop, kennysheep_generic_room_4
D:4:      layout_loops_ring, makhleb_altar_promises_db, serial_shops, shop
D:5:      layout_rooms, mainiacjoe_overflow_large_starburst,
          minmay_temple_entry_trees
Temple:   oiseaux_autumnal_temple

Skill      XL: |  1  2  3  4  5  6  7 |
---------------+----------------------+-----
Axes           | 3 4 5 6 7 8 |  8.7
Armour         | 3 |  3.4
Fighting       | 3 |  3.1
Throwing       | |  1.0
Dodging        | |  2.1
Spellcasting   | |  2.0
Translocations | |  2.4

Action                   |  1- 3 |  4- 6 |  7- 9 || total
-------------------------+-------+-------+-------++-------
Melee: Hand axe          |   104 |    21 |       ||   125
       Kick              |    20 |    29 |     5 ||    54
       Peck              |    12 |    11 |     5 ||    28
       War axe           |       |    92 |    29 ||   121
Throw: Boomerang         |     7 |       |       ||     7
  Use: Scroll            |     6 |     8 |     1 ||    15
       Potion            |     1 |     1 |       ||     2
Armor: Leather armour    |    14 |       |       ||    14
       Scale mail        |    16 |    18 |       ||    34
       Chain mail        |       |    34 |     9 ||    43
Dodge: Dodged            |    51 |    30 |     9 ||    90
Block: Other             |       |    10 |     7 ||    17
       Reflection        |       |       |     3 ||     3

Table legend:
 A = Non-vault XP
 B = Vault XP
 C = Vault XP percentage of total XP
 D = Non-vault monster count
 E = Vault monster count
 F = Vault count percentage of total count
                 A         B        C        D         E       F
            +---------+---------+-------+---------+---------+-------
      Total |    1181 |      13 |   1.1 |      92 |       8 |   8.0
            +---------+---------+-------+---------+---------+-------
        D:1 |      46 |       9 |  16.4 |      26 |       6 |  18.8
        D:2 |      18 |       4 |  18.2 |      10 |       2 |  16.7
        D:3 |      40 |       0 |   0.0 |      18 |       0 |   0.0
        D:4 |     452 |       0 |   0.0 |      24 |       0 |   0.0
        D:5 |     625 |       0 |   0.0 |      14 |       0 |   0.0
            +---------+---------+-------+---------+---------+-------
